 Dungeon Crawl Stone Soup version 0.16.1-2-g95b8d4c (webtiles) character file.

296 wojtek the Cutter (level 6, -11/38 HPs)
             Began as a Kobold Assassin on Mar 24, 2015.
             Killed by divine providence
             ... invoked by an orc priest
              (15 damage)
             ... on level 4 of the Dungeon on Mar 25, 2015.
             The game lasted 00:05:43 (3987 turns).

wojtek the Cutter (Kobold Assassin)                 Turns: 3987, Time: 00:05:44

Health: -11/38     AC:  6    Str:  9    XL:     6   Next: 62%
Magic:  6/6        EV: 17    Int: 11    God:
Gold:   230        SH:  0    Dex: 18    Spells: 0 memorised, 5 levels left

rFire  . . .     SeeInvis .     a - +2 dagger
rCold  . . .     Clarity  .     c - +0 robe
rNeg   . . .     SustAb   .     (no shield)
rPois  .         Gourm    .     w - +2 helmet
rElec  .         Spirit   .     d - +0 cloak
rCorr  .         Warding  .     (no gloves)
rMut   .         Stasis   .     (no boots)
MR     .....                    (no amulet)
Stlth  +++.......               (no ring)
                                (no ring)

@: not resistant to hostile enchantments, fairly stealthy
A: carnivore 3
a: no special abilities


You were on level 4 of the Dungeon.
You were very full.

You visited 1 branch of the dungeon, and saw 4 of its levels.

You collected 230 gold pieces.

Inventory:

Hand weapons
 a - a +2 dagger (weapon)
 b - a +0 blowgun
Missiles
 e - 36 poisoned needles
 f - 2 curare-tipped needles {=f}
 y - a throwing net (quivered)
Armour
 c - a +0 robe (worn)
 d - a +0 cloak (worn)
 w - a +2 helmet (worn)
Jewellery
 i - an uncursed ring of ice
 p - a cursed +2 ring of strength {unknown}
 t - an uncursed ring of protection from fire {unknown}
 A - an uncursed ring of ice
 B - an uncursed ring of flight {unknown}
Scrolls
 j - a scroll of remove curse {unknown}
 k - a scroll of immolation {unknown}
 l - a scroll of teleportation {unknown}
 o - 3 scrolls of blinking {unknown}
 s - a scroll of recharging {unknown}
 u - a scroll of fear {unknown}
 v - 4 scrolls of identify {unknown}
 C - a scroll of amnesia {unknown}
Potions
 h - a potion of heal wounds {unknown}
 m - a potion of agility {unknown}
 r - 2 potions of haste {unknown}
 z - 2 potions of curing {unknown}
 E - 2 potions of resistance {unknown}
Books
 x - a book of Alchemy

   Spells                             Type                      Level
   a - Sublimation of Blood           Necromancy                   2
   b - Alistair's Intoxication        Transmutation/Poison         4
   c - Condensation Shield            Ice                          4
   d - Petrify                        Transmutation/Earth          4
   e - Ignite Poison                  Fire/Transmutation           5
   f - Irradiate                      Conjuration/Transmutation    5
Comestibles
 g - 2 meat rations
 n - 2 slices of pizza
 D - 2 beef jerkies


   Skills:
 + Level 4.1 Fighting
 - Level 5.9 Short Blades
 - Level 2.6 Throwing
 + Level 4.1 Dodging
 - Level 5.3 Stealth


You had 5 spell levels left.
You didn't know any spells.

Dungeon Overview and Level Annotations

Branches:
Dungeon (4/15)
 Temple: D:4-7

Altars:
Yredelemnul

Annotations:
D:3 phantom


Innate Abilities, Weirdness & Mutations

You are small and have problems with some larger weapons.
You are carnivorous and can eat meat at any time.


Message History

You closely miss the orc priest.
The orc priest is severely wounded.
You hit the orc priest but do no damage.
The orc priest is severely wounded.
The orc hits you with a whip.
* * * LOW HITPOINT WARNING * * *
The orc priest completely misses you.
You hit the orc priest but do no damage.
The orc priest is severely wounded.
The orc closely misses you.
You barely miss the orc priest.
The orc priest is severely wounded.
The orc priest closely misses you.
You hit the orc priest but do no damage.
The orc priest is severely wounded.
The orc hits you with a whip.
* * * LOW HITPOINT WARNING * * *
The orc priest calls down the wrath of Beogh upon you.
Something smites you!
You die...

#######
.>...# ....#
...# #oo#
#@.# #..#
#..# ####.
#..### .....
### #....#
##### ##.##
#..#.#
##...###..#.#
#.........#.#
##...####.#.#


You could see an orc priest and an orc.

Vanquished Creatures
  A hound (D:4)
  An orc priest (D:3)
  A centaur skeleton (D:4)
  A worker ant (D:4)
  8 gnolls
  2 adders
  2 worms
  2 giant geckos
  6 orcs
  5 hobgoblins
  3 jackals (D:1)
  6 bats
  2 giant cockroaches
  4 giant newts
  9 goblins
  11 kobolds
  A quokka (D:4)
  5 rats
70 creatures vanquished.

Vanquished Creatures (others)
  A worker ant (D:4)
1 creature vanquished.

Grand Total: 71 creatures vanquished

Notes
Turn   | Place    | Note
--------------------------------------------------------------
     0 | D:1      | wojtek, the Kobold Assassin, began the quest for the Orb.
     0 | D:1      | Reached XP level 1. HP: 12/12 MP: 1/1
    83 | D:1      | Reached XP level 2. HP: 12/17 MP: 2/2
   761 | D:1      | Reached XP level 3. HP: 7/21 MP: 3/3
  1526 | D:2      | Reached skill level 5 in Short Blades
  1651 | D:2      | Reached XP level 4. HP: 23/26 MP: 4/4
  2238 | D:2      | Reached XP level 5. HP: 29/31 MP: 5/5
  2473 | D:3      | Found a basalt altar of Yredelemnul.
  2943 | D:4      | Reached XP level 6. HP: 19/37 MP: 6/6
  3558 | D:4      | Noticed a phantom
  3987 | D:4      | Killed from afar by an orc priest

Action                   |  1- 3 |  4- 6 || total
-------------------------+-------+-------++-------
Melee: Dagger            |   102 |   252 ||   354
 Fire: Blowgun           |     2 |    19 ||    21
 Stab: Sleeping          |     3 |       ||     3
  Eat: Chunk             |    10 |     6 ||    16
